 Dungeon Crawl Stone Soup version 0.29-a0-234-g0dae59b3db (webtiles) character file.

Game seed: 9250372833270402302

27517 Crownlay the Thaumaturge (level 13, -7/78 HPs)
             Began as a Gargoyle Earth Elementalist on Mar 3, 2022.
             Was a Priest of Vehumet.
             Mangled by an eight-headed hydra (12 damage)
             ... summoned by a centaur
             ... led by a centaur warrior
             ... on level 13 of the Dungeon.
             The game lasted 00:39:22 (19514 turns).

Crownlay the Thaumaturge (GrEE)                    Turns: 19514, Time: 00:39:23

Health: -7/78      AC: 20    Str: 12    XL:     13   Next: 32%
Magic:  22/31      EV:  8    Int: 21    God:    Vehumet [***...]
Gold:   722        SH:  0    Dex: 10    Spells: 35/41 levels left

rFire   + + .      SeeInvis .   F - +6 mace of False Hope {vamp, rC+}
rCold   . . .      Faith    .   (no shield)
rNeg    + . .      Spirit   .   Q - +0 fire dragon scales
rPois   ∞          Reflect  .   o - +0 helmet
rElec   +          Harm     .   n - +0 cloak
rCorr   .          Rampage  .   C - +0 pair of gloves
Will    .....                   (no boots)
Stlth   ..........              (no amulet)
HPRegen 0.23/turn               (no ring)
MPRegen 0.22/turn               (no ring)

@: no status effects
A: sickness immunity, AC +9, negative energy resistance 1, electricity
resistance, torment resistance 1, petrification resistance
a: Renounce Religion


You were on level 13 of the Dungeon.
You worshipped Vehumet.
Vehumet was most pleased with you.
You visited 2 branches of the dungeon, and saw 14 of its levels.

You collected 722 gold pieces.

Inventory:

Hand Weapons
 F - the +6 mace of False Hope (weapon) {vamp, rC+}
   (You found it on level 9 of the Dungeon)

   It occasionally heals its wielder for a portion of the damage dealt when it
   wounds a living foe.
   rC:        It protects you from cold.
Missiles
 N - 37 stones
Armour
 b - a +0 robe
 i - a +0 buckler
 n - a +0 cloak (worn)
 o - a +0 helmet (worn)
 C - a +0 pair of gloves (worn)
 I - the +3 buckler of Honesty {rPois}
   (You found it on level 11 of the Dungeon)

   rPois:     It protects you from poison.
 Q - +0 fire dragon scales (worn)
Jewellery
 q - a ring of ice
 G - an amulet of guardian spirit
 P - a ring of protection from cold
Wands
 r - a wand of iceblast (14)
 w - a wand of mindburst (4)
 z - a wand of paralysis (3)
 B - a wand of polymorph (10)
 D - a wand of charming (8)
 E - a wand of flame (36)
 L - a wand of acid (19)
 O - a wand of digging (2)
Scrolls
 d - 3 scrolls of enchant weapon
 f - 2 scrolls of enchant armour
 j - 5 scrolls of teleportation
 l - a scroll of holy word {unknown}
 p - a scroll of blinking {unknown}
 s - a scroll of fear {unknown}
 u - 3 scrolls of amnesia
 y - 2 scrolls of immolation {unknown}
 M - 2 scrolls of fog {unknown}
Potions
 a - a potion of cancellation {unknown}
 c - 6 potions of curing
 e - a potion of invisibility {unknown}
 g - a potion of resistance {unknown}
 h - a potion of ambrosia {unknown}
 k - a potion of haste
 m - 2 potions of brilliance {unknown}
 t - 5 potions of lignification
 v - 4 potions of flight
 x - a potion of mutation {unknown}
 A - a potion of attraction {unknown}
 H - 2 potions of heal wounds {unknown}
 J - a potion of berserk rage {unknown}
Miscellaneous
 K - a condenser vane (inert)


   Skills:
 - Level 8.0 Fighting
 - Level 1.5 Dodging
 - Level 2.1 Stealth
 - Level 5.0 Shields
 * Level 14.6 Spellcasting
 - Level 8.0 Conjurations
 + Level 2.5 Summonings
 - Level 0.7 Transmutations
 + Level 11.4 Earth Magic
 * Level 4.8 Evocations


You had 35 spell levels left.
You knew the following spells:

 Your Spells              Type           Power      Damage    Failure   Level
a - Sandblast             Erth           100%       2d20      1%          1
b - Passwall              Tmut/Erth      33%        N/A       4%          2
c - Stone Arrow           Conj/Erth      100%       3d13      1%          3

Your spell library contained the following spells:

 Spells                   Type           Power      Damage    Failure   Level
 Ignite Poison            Fire/Tmut/Pois 16%        N/A       22%         3
 Shock                    Conj/Air       100%       1d9       1%          1
 Petrify                  Tmut/Erth      40%        N/A       26%         4
 Ensorcelled Hibernation  Hex/Ice        30%        N/A       45%         2
 Airstrike                Air            7%         N/A       58%         4
 Swiftness                Air            15%        N/A       69%         3
 Summon Ice Beast         Ice/Summ       20%        N/A       88%         4
 Summon Mana Viper        Hex/Summ       20%        N/A       99%         5
 Dispersal                Tloc           7%         N/A       100%        6
 Monstrous Menagerie      Summ           13%        N/A       100%        7
 Disjunction              Tloc           7%         N/A       100%        8


Dungeon Overview and Level Annotations

Branches:
Dungeon (13/15)            Temple (1/1) D:7            Lair (0/6) D:8
    Orc (0/2) D:11
 Vaults: D:13-14

Altars:
Ashenzari
Cheibriados
Dithmenos
Elyvilon
Fedhas
Gozag
Hepliaklqana
Kikubaaqudgha
Makhleb
Nemelex Xobeh
Okawaru
Qazlal
Ru
Sif Muna
Trog
Uskayaw
Vehumet
Wu Jian
Xom
Yredelemnul
Zin
The Shining One


Innate Abilities, Weirdness & Mutations

You are immune to sickness and miasma.
Your stone body is resilient. (AC +9)
You are immune to poison.
You resist negative energy. (rN+)
You are resistant to electric shocks. (rElec)
You are resistant to unholy torment.
You are immune to petrification.


Message History

Something smites you!
The meliai invokes the aid of its god against you.
Something smites you!
The eight-headed hydra bites you but does no damage.
The eight-headed hydra closely misses you.
The eight-headed hydra bites you but does no damage. x2
The eight-headed hydra bites you.
The eight-headed hydra bites you but does no damage.
The eight-headed hydra bites you.
The eight-headed hydra bites you but does no damage.
The meliai calls down the wrath of its god upon you.
Something smites you!
* * * LOW HITPOINT WARNING * * *
Okay, then.
Okay, then.
Okay, then.
Press: ? - help, v - describe, . - travel
Here: a meliai, wielding a +0 hand axe and wearing a +0 robe (summoned)
The floor.
Press: ? - help, v - describe, . - travel
Here: a meliai, wielding a +0 hand axe and wearing a +0 robe (summoned)
The floor.
Clouds of flame condense around you!
The condenser dries out!
The centaur is engulfed in blazing flames. x2
The meliai is engulfed in blazing flames.
The meliai hits you but does no damage.
The meliai stings you but does no damage.
The centaur is engulfed in blazing flames.
The meliai is engulfed in blazing flames. x2
The centaur is engulfed in blazing flames. x2
The cyclops is engulfed in blazing flames.
The eight-headed hydra is engulfed in blazing flames.
The eight-headed hydra barely misses you.
The eight-headed hydra bites you but does no damage. x3
The eight-headed hydra closely misses you.
The eight-headed hydra barely misses you.
The eight-headed hydra bites you!
* * * LOW HITPOINT WARNING * * *
The eight-headed hydra bites you!
You die...

#######.#.#.# #...#.#..
#######.#.#.###>..#.#.##
.................>.....
#######.#.#.###...#.#.##
#.#.#....§§§§§#....
#.#......§cC§§.....
#.#.######ccyy...^ #.#.#
#yD##..# #.### #@§##..#
#.. ..#......# #.#
#.#...#.... #.#...# ###
#.#...#
#############.##.########
........................#
#######.##.##.##.######.#
#.##.##..#.#


You could see an eight-headed hydra (summoned), a cyclops (summoned), 3 meliai
and 3 centaurs.

Vanquished Creatures
  Nessos (D:13)
  A fire dragon (D:13)
  Erolcha (D:9)
  2 boulder beetles
  8 two-headed ogres
  A centaur warrior (D:13)
  An ugly thing (D:12)
  Pikel (D:5)
  2 manticores
  5 centaur zombies (D:12)
  Joseph (D:10)
  A gargoyle (D:13)
  Maurice (D:8)
  2 unseen horrors (D:11)
  A kobold demonologist (D:10)
  A komodo dragon (D:12)
  2 trolls
  Prince Ribbit (D:6)
  3 hornets
  9 slime creatures
  Sigmund (D:5)
  3 shadows
  A wraith (D:10)
  Eustachio (D:4)
  5 wyverns
  12 yaks
  12 vampire mosquitoes
  A steam dragon (D:6)
  A water moccasin (D:6)
  Edmund (D:5)
  3 orc warriors
  A sky beast (D:4)
  2 ice beasts (D:6)
  3 black bears (D:5)
  4 ogres
  15 centaurs
  3 lemures
  6 kobold brigands
  7 bullfrogs
  9 necrophages
  3 scorpions
  5 wights (D:12)
  4 howler monkeys
  2 vampire bats (D:8)
  6 electric eels (D:6)
  Crazy Yiuf (D:2)
  A gnoll shaman (D:6)
  2 hounds
  4 iguanas
  Jessica (D:3)
  3 orc wizards
  Ijyb (D:3)
  Natasha (thrice) (D:2)
  A mummy (D:12)
  Robin (D:3)
  6 gnolls
  9 adders
  A shadow imp (D:8)
  3 white imps
  3 ufetubi
  2 worms
  4 dart slugs
  33 orcs
  7 ball pythons
  10 bats
  9 endoplasms
  5 giant cockroaches
  19 goblins
  11 hobgoblins
  2 jackals (D:1)
  2 quokkas
  8 frilled lizards
  28 kobolds
  9 rats
345 creatures vanquished.

Vanquished Creatures (others)
  A centaur zombie (D:12)
  8 demonic plants (D:2)
  3 fungi (D:2)
  5 plants
  5 withered plants (D:2)
22 creatures vanquished.

Grand Total: 367 creatures vanquished

Notes
Turn   | Place    | Note
-------+----------+-------------------------------------------
     0 | D:1      | Crownlay the Gargoyle Earth Elementalist began the quest
                  | for the Orb.
     0 | D:1      | Reached XP level 1. HP: 10/10 MP: 3/3
   375 | D:1      | Reached XP level 2. HP: 15/15 MP: 0/5
   853 | D:1      | Reached XP level 3. HP: 13/19 MP: 7/7
  1179 | D:1      | Reached skill level 3 in Spellcasting
  1325 | D:1      | Learned a level 2 spell: Passwall
  1329 | D:1      | Learned a level 3 spell: Stone Arrow
  1661 | D:2      | Found a faded altar of an unknown god.
  1797 | D:2      | Reached skill level 1 in Shields
  1797 | D:2      | Reached XP level 4. HP: 21/24 MP: 5/8
  2111 | D:2      | Noticed Natasha
  2118 | D:2      | Killed Natasha
  2205 | D:2      | Found a runed translucent door.
  2206 | D:2      | Noticed Crazy Yiuf
  2350 | D:2      | Noticed Natasha
  2358 | D:2      | Killed Natasha
  2359 | D:2      | Reached XP level 5. HP: 9/28 MP: 6/10
  2681 | D:2      | Killed Crazy Yiuf
  2682 | D:2      | Reached skill level 4 in Spellcasting
  3101 | D:2      | Noticed Natasha
  3109 | D:2      | Killed Natasha
  3230 | D:3      | Found a glowing silver altar of Zin.
  3230 | D:3      | Noticed an angel
  3345 | D:3      | Noticed Robin
  3359 | D:3      | Killed Robin
  3360 | D:3      | Reached skill level 5 in Earth Magic
  3360 | D:3      | Reached XP level 6. HP: 32/32 MP: 0/12
  3604 | D:3      | Noticed a +0 short sword
  3604 | D:3      | Noticed a +0 falchion
  3604 | D:3      | Noticed a +0 spear
  3604 | D:3      | Noticed a +0 spear
  3608 | D:3      | Noticed Jessica
  3617 | D:3      | Killed Jessica
  3640 | D:3      | Noticed a +0 dagger
  3642 | D:3      | Noticed a +0 dagger
  3642 | D:3      | Noticed a +0 short sword
  3643 | D:3      | Noticed a +0 falchion
  3688 | D:3      | Found a hide-covered altar of Uskayaw.
  4037 | D:3      | Found an opulent altar of Gozag.
  4037 | D:3      | Found a sparkling altar of Nemelex Xobeh.
  4205 | D:3      | Noticed Ijyb
  4214 | D:3      | Killed Ijyb
  4566 | D:4      | Reached skill level 5 in Spellcasting
  4566 | D:4      | Reached XP level 7. HP: 36/36 MP: 12/14
  4943 | D:4      | Found a hazy altar of Hepliaklqana.
  4946 | D:4      | Noticed Eustachio
  5393 | D:4      | Found a shadowy altar of Dithmenos.
  5424 | D:4      | Killed Eustachio
  5425 | D:4      | Reached skill level 6 in Spellcasting
  5458 | D:4      | Found a white marble altar of Elyvilon.
  5709 | D:5      | Entered Level 5 of the Dungeon
  5709 | D:5      | Noticed a wyvern
  5709 | D:5      | Noticed Pikel
  5716 | D:4      | Killed a wyvern
  5717 | D:4      | Reached XP level 8. HP: 27/41 MP: 8/17
  6006 | D:4      | Reached skill level 5 in Shields
  6422 | D:4      | Reached skill level 7 in Spellcasting
  7055 | D:5      | Killed Pikel
  7056 | D:5      | Reached skill level 8 in Spellcasting
  7056 | D:5      | Reached XP level 9. HP: 29/45 MP: 15/21
  7260 | D:5      | Noticed Sigmund
  7262 | D:5      | Killed Sigmund
  7386 | D:5      | Noticed Edmund
  7409 | D:5      | Killed Edmund
  7410 | D:5      | Reached skill level 9 in Spellcasting
  7890 | D:5      | Found a burning altar of Makhleb.
  8171 | D:6      | Reached skill level 1 in Fighting
  8171 | D:6      | Reached skill level 1 in Conjurations
  8664 | D:6      | Reached XP level 10. HP: 50/53 MP: 8/23
  9313 | D:6      | Noticed Prince Ribbit
  9316 | D:6      | Killed Prince Ribbit
  9329 | D:6      | Reached skill level 10 in Spellcasting
 10029 | D:7      | Found a staircase to the Ecumenical Temple.
 10044 | Temple   | Entered the Ecumenical Temple
 10103 | Temple   | Became a worshipper of Vehumet
 10141 | D:7      | Found an iron altar of Okawaru.
 10213 | D:7      | Reached skill level 10 in Earth Magic
 10394 | D:7      | Noticed a boulder beetle
 10478 | D:7      | Killed a boulder beetle
 11207 | D:8      | Noticed a moth of wrath
 11210 | D:8      | Found a bloodstained altar of Trog.
 11291 | D:8      | Reached skill level 11 in Spellcasting
 11398 | D:8      | Reached skill level 5 in Conjurations
 11408 | D:8      | Reached XP level 11. HP: 62/62 MP: 14/26
 11540 | D:8      | Reached skill level 5 in Fighting
 11688 | D:8      | Reached * piety under Vehumet
 11688 | D:8      | Offered knowledge of Magic Dart by Vehumet.
 11823 | D:8      | Noticed a two-headed ogre
 11835 | D:8      | Killed a two-headed ogre
 12383 | D:8      | Found a staircase to the Lair.
 12537 | D:8      | Noticed Maurice
 12549 | D:8      | Killed Maurice
 12550 | D:8      | Reached skill level 12 in Spellcasting
 12870 | D:9      | Noticed Erolcha
 12876 | D:9      | Killed Erolcha
 13632 | D:9      | Found a sacrificial altar of Ru.
 13637 | D:9      | Noticed a two-headed ogre
 13640 | D:9      | Killed a two-headed ogre
 13672 | D:9      | Identified the +6 mace of False Hope {vamp, rC+}
 13878 | D:10     | Entered Level 10 of the Dungeon
 13985 | D:10     | Noticed Joseph
 13990 | D:10     | Offered knowledge of Static Discharge by Vehumet.
 13994 | D:10     | Reached ** piety under Vehumet
 14001 | D:10     | Killed Joseph
 14371 | D:10     | Noticed a two-headed ogre
 14378 | D:10     | Killed a two-headed ogre
 14379 | D:10     | Reached skill level 13 in Spellcasting
 14379 | D:10     | Reached XP level 12. HP: 72/72 MP: 13/29
 15233 | D:11     | Noticed a two-headed ogre
 15234 | D:11     | Noticed a two-headed ogre
 15249 | D:11     | Killed a two-headed ogre
 15252 | D:11     | Killed a two-headed ogre
 15340 | D:11     | Noticed a boulder beetle
 15358 | D:11     | Killed a boulder beetle
 15567 | D:11     | Noticed a two-headed ogre
 15569 | D:11     | Identified the +3 buckler of Honesty {rPois}
 15573 | D:11     | Killed a two-headed ogre
 15716 | D:11     | Found a staircase to the Orcish Mines.
 16640 | D:12     | Offered knowledge of Ignite Poison by Vehumet.
 16702 | D:12     | Reached skill level 1 in Evocations
 16726 | D:12     | Reached skill level 14 in Spellcasting
 16939 | D:12     | Identified the +0 glaive "Jedymeot" {flame, Dex+3}
 17040 | D:12     | Reached *** piety under Vehumet
 17041 | D:12     | Noticed a two-headed ogre
 17052 | D:12     | Killed a two-headed ogre
 17325 | D:12     | Reached skill level 1 in Summonings
 17459 | D:12     | Reached XP level 13. HP: 75/78 MP: 17/31
 17945 | D:12     | Found a blossoming altar of Fedhas.
 18401 | D:13     | Found an opulent altar of Gozag.
 18589 | D:13     | Noticed Nessos
 18599 | D:13     | Killed Nessos
 19157 | D:13     | Noticed a fire dragon
 19164 | D:13     | Killed a fire dragon
 19514 | D:13     | Mangled by an eight-headed hydra

Illustrated notes

Levels and vault maps discovered:
D:1:      minmay_arrival_shattered_statue, layout_loops_cross
D:2:      layout_loops_cross, shapermc_ecumenical_altar_gd, uniq_natasha,
          uniq_crazy_yiuf_cottage
D:3:      layout_basic, grunt_temple_overflow_opulence,
          nicolae_uskayaw_en_pointe, zin_angel, nicolae_figureground_pulse,
          uniq_jessica, uniq_ijyb, uniq_robin
D:4:      layout_cave_pods, mainiacjoe_overflow_catwalk,
          mainiacjoe_overflow_big_doors, uniq_eustachio
D:5:      cheibrodos_fzero, layout_rooms, mainiacjoe_overflow_alcove_1,
          sigmund_edmund_badplayer, uniq_pikel
D:6:      layout_rooms, kennysheep_boxes, uniq_prince_ribbit1
D:7:      layout_basic, nicolae_overflow_crystal_walls,
          minmay_temple_entry_waves, hangedman_abyss_or_decor_passed
D:8:      layout_basic, tgw_trog, lair_entry_dummy, grunt_ministairs_9,
          roderic_batcave, uniq_maurice
D:9:      layout_loops_cross, nicolae_ru_sacrificial_ziggurat,
          minmay_misc_feat_room, uniq_erolcha
D:10:     layout_loops_corners, uniq_joseph
D:11:     layout_basic, david_orc_2, serial_curves, eino_curves_03,
          eino_curves_04, eino_curves_01
D:12:     layout_small_grid, serial_undead, serial_undead_d, serial_undead_c,
          serial_undead_f, serial_undead_a, serial_undead_b, serial_undead_f,
          serial_undead_a, fedhas_bush_and_centaur_altar
D:13:     layout_basic, nicolae_gozag_cash_rules_everything_around_me,
          uniq_nessos, uniq_jorgrun
Temple:   minmay_freezing_vapour_temple

Skill      XL: |  1  2  3  4  5  6  7  8  9 10 11 12 13 |
---------------+----------------------------------------+-----
Earth Magic    | 4 5 6 8 9 10 11 | 11.4
Spellcasting   | 3 4 5 6 8 9 11 13 14 | 14.6
Shields        | 1 2 3 4 5 |  5.0
Fighting       | 2 4 7 8 |  8.0
Conjurations   | 2 5 6 8 |  8.0
Evocations     | 3 4 |  4.8
Summonings     | 1 2 |  2.5
Dodging        | |  1.5
Stealth        | |  2.1
Transmutations | |  0.7

Action                   |  1- 3 |  4- 6 |  7- 9 | 10-12 | 13-15 || total
-------------------------+-------+-------+-------+-------+-------++-------
Melee: Whip              |    74 |       |       |       |       ||    74
       Spear             |    30 |   109 |    56 |       |       ||   195
       Punch             |       |       |     2 |       |       ||     2
       Dire flail        |       |       |    31 |    27 |       ||    58
       Mace              |       |       |       |    17 |    23 ||    40
 Cast: Sandblast         |    15 |    59 |    64 |   188 |    10 ||   336
       Stone Arrow       |       |       |    75 |   172 |    64 ||   311
       Passwall          |       |       |       |     1 |       ||     1
Evoke: Wand              |       |     4 |     7 |     5 |     2 ||    18
       Condenser vane    |       |       |       |       |     1 ||     1
  Use: Scroll            |       |       |     4 |     4 |       ||     8
 Stab: Sleeping          |     2 |     3 |       |       |       ||     5
Armor: Robe              |    45 |    45 |    80 |   127 |    23 ||   320
       Fire dragon scale |       |       |       |       |    21 ||    21
Dodge: Dodged            |    61 |    50 |   107 |   126 |    42 ||   386

Table legend: (Time is in decaauts)
 A = Elapsed time spent in this place.
 B = Non-inter-level travel time spent in this place.
 C = Inter-level travel time spent in this place.
 D = Time resting spent in this place.
 E = Time spent auto-exploring this place.
 F = Levels seen in this place.
 G = Mean time per level.
                   A        B        C        D        E       F      G
               +--------+--------+--------+--------+--------+-----+--------+
         Total |  19631 |  18638 |    993 |    660 |  15428 |  14 | 1402.2 |
       Dungeon |  19566 |  18578 |    988 |    660 |  15377 |  13 | 1505.1 |
        Temple |     64 |     59 |      5 |      0 |     51 |   1 |   64.0 |
               +--------+--------+--------+--------+--------+-----+--------+

Top non-repeatable levels by time:
     D:4: 2215 daAuts
     D:2: 1761 daAuts
    D:12: 1642 daAuts
     D:3: 1616 daAuts
     D:8: 1607 daAuts
     D:6: 1599 daAuts
    D:11: 1505 daAuts
     D:1: 1381 daAuts
     D:5: 1355 daAuts
    D:10: 1310 daAuts
     D:9: 1198 daAuts
    D:13: 1195 daAuts
     D:7: 1177 daAuts
  Temple: 64 daAuts
